 Dungeon Crawl Stone Soup version 0.17.1-1-g73c8601 (webtiles) character file.

205 Flanowski the Ducker (level 5, -1/46 HPs)
             Began as a Draconian Berserker on Dec 27, 2015.
             Was a Believer of Trog.
             Killed from afar by an orc wizard (8 damage)
             ... with a magic dart
             ... on level 4 of the Dungeon.
             The game lasted 00:15:22 (2685 turns).

Flanowski the Ducker (Draconian Berserker)          Turns: 2685, Time: 00:15:22

Health: -1/46      AC:  5    Str: 21    XL:     5   Next: 52%
Magic:  5/5        EV: 13    Int:  7    God:    Trog [**....]
Gold:   77         SH:  0    Dex: 10    Spells: 0 memorised, 4 levels left

rFire  . . .     SeeInvis .     a - +0 hand axe
rCold  . . .     Clarity  .     (armour unavailable)
rNeg   . . .     SustAt   .     (no shield)
rPois  .         Gourm    .     (helmet restricted)
rElec  .         Spirit   .     (no cloak)
rCorr  .         Warding  .     (no gloves)
rMut   .         Stasis   .     (no boots)
MR     .....                    (no amulet)
Stlth  +.........               (no ring)
                                (no ring)

@: not resistant to hostile enchantments, very unstealthy
A: unfitting armour, cold-blooded, AC +5
a: Berserk, Trog's Hand, Burn Spellbooks, Renounce Religion


You were on level 4 of the Dungeon.
You worshipped Trog.
Trog was pleased with you.
You were not hungry.

You visited 1 branch of the dungeon, and saw 4 of its levels.

You collected 77 gold pieces.

Inventory:

Hand Weapons
 a - a +0 hand axe (weapon)
Missiles
 j - 16 silver bolts
Armour
 g - a cursed +0 ring mail
 u - a +0 helmet
Scrolls
 e - a scroll of magic mapping {unknown}
 h - 2 scrolls of identify {unknown}
 i - a scroll of teleportation {unknown}
 l - 2 scrolls of noise {unknown}
 n - a scroll of immolation {unknown}
 o - a scroll of enchant weapon {unknown}
 p - a scroll of enchant armour {unknown}
 t - a scroll of fog {unknown}
 v - a scroll of fear {unknown}
Potions
 c - a potion of cure mutation
 f - a potion of cancellation
 k - a potion of might {unknown}
 q - a potion of heal wounds {unknown}
 s - a potion of invisibility {unknown}
Comestibles
 b - 5 bread rations
 d - 4 fruits
 m - 3 meat rations
 r - a beef jerky


   Skills:
 * Level 4.1 Fighting
 * Level 4.0 Axes
 * Level 4.6 Dodging
 + Level 0.6 Stealth


You had 4 spell levels left.
You didn't know any spells.

Dungeon Overview and Level Annotations

Branches:
Dungeon (4/15)
 Temple: D:4-7

Altars:
Okawaru
Qazlal
Trog
Xom
The Shining One


Innate Abilities, Weirdness & Mutations

Your plain brown scales are hard (AC +5).
Your body does not fit into most forms of armour.
You are cold-blooded and may be slowed by cold attacks.


Message History

The orc wizard barely misses you.
The giant cockroach bites you but does no damage.
The orc wizard hits you with a dagger.
* * * LOW HITPOINT WARNING * * *
The giant cockroach bites you but does no damage.
The orc wizard completely misses you.
It was a potion of cancellation.
Your magical effects are unravelling.
You feel magically purged.
You feel yourself speed up.
The orc wizard hits you but does no damage.
The giant cockroach bites you but does no damage.
The orc wizard closely misses you. The giant cockroach barely misses you.
Unknown command.
The orc wizard hits you but does no damage.
The orc wizard barely misses you.
The giant cockroach bites you but does no damage.
The orc wizard points at you and mumbles some strange words.
The magic dart hits you!
You die...

........ ...... ##)#
.# ##).##.######
#...)........ ...
#............ ...
#............ ....
#.so.........
.....##.@...##..##
.....##.....## .#
...........)....# +
.........<......+
........##..#####
........##..#
........#...#.........
........+...#.........
#....##..#.........


You could see an orc wizard and a giant cockroach.

Vanquished Creatures
  An ogre (D:4)
  A scorpion (D:4)
  A worker ant (D:4)
  An adder (D:2)
  An ooze (D:2)
  A giant gecko (D:2)
  4 orcs (D:4)
  4 giant cockroaches
  5 hobgoblins
  A quokka (D:3)
  4 bats
  3 giant newts
  3 goblins
  2 kobolds
  A quokka skeleton (D:4)
  3 rats
36 creatures vanquished.

Notes
Turn   | Place    | Note
--------------------------------------------------------------
     0 | D:1      | Flanowski the Draconian Berserker began the quest for the Orb.
     0 | D:1      | Reached XP level 1. HP: 19/19 MP: 1/1
   648 | D:2      | Reached XP level 2. HP: 12/26 MP: 2/2
  1224 | D:2      | Found a bloodstained altar of Trog.
  1250 | D:2      | Reached XP level 3. HP: 22/31 MP: 3/3
  1377 | D:2      | Found a glowing golden altar of the Shining One.
  1542 | D:3      | Found an iron altar of Okawaru.
  1788 | D:3      | Found a stormy altar of Qazlal.
  2065 | D:4      | Found a shimmering altar of Xom.
  2077 | D:4      | Noticed a scorpion
  2086 | D:4      | Killed a scorpion
  2086 | D:4      | Reached XP level 4. HP: 21/40 MP: 4/4
  2349 | D:4      | Reached ** piety under Trog
  2569 | D:4      | Reached skill level 4 in Dodging
  2570 | D:4      | Noticed an ogre
  2629 | D:4      | Killed an ogre
  2629 | D:4      | Reached XP level 5. HP: 34/46 MP: 5/5
  2685 | D:4      | Killed from afar by an orc wizard

Action                   |  1- 3 |  4- 6 || total
-------------------------+-------+-------++-------
Melee: Hand axe          |   100 |    41 ||   141
Invok: Burn Spellbooks   |     1 |       ||     1
  Use: Potion            |       |     2 ||     2
  Eat: Chunk             |     3 |     2 ||     5
       Fruit             |     1 |       ||     1
